 Dungeon Crawl Stone Soup version 0.31.0-9-g3a7656b989 (webtiles) character file.

Game seed: 1467314799888545044

181 qw the Shooter (level 5, -8/26 HPs)
             Began as a Spriggan Hunter on Feb 2, 2024.
             Mangled by a river rat (9 damage)
             ... on level 3 of the Dungeon.
             The game lasted 00:00:07 (2027 turns).

qw the Shooter (Spriggan Hunter)                    Turns: 2027, Time: 00:00:08

Health: -8/26      AC:  2    Str: 13    XL:     5   Next: 34%
Magic:  6/6        EV: 20    Int: 10    God:
Gold:   136        SH:  0    Dex: 21    Spells: 4/4 levels left

rFire   . . .        a - +1 shortbow
rCold   . . .        (shield currently unavailable)
rNeg    . . .        c - +0 robe
rPois   .            (helmet restricted)
rElec   .            (no cloak)
rCorr   .            (gloves unavailable)
SInv    +            (boots unavailable)
Will    .....        (no amulet)
Stlth   ++           h - +6 ring of strength
HPRegen 0.24/turn    (no ring)
MPRegen 0.10/turn

%: no passive effects
@: very quick
A: very small, no large weapons, unfitting armour, see invisible, speed 3
a: no special abilities


You were on level 3 of the Dungeon.
You visited 1 branch of the dungeon, and saw 3 of its levels.

You collected 136 gold pieces.


Innate Abilities, Weirdness & Mutations

You are very small and have problems with some larger weapons.
You are too small for most types of armour.
You have supernaturally acute eyesight. (SInv)
You cover ground extremely quickly. (Speed+++)


   Skills:
 - Level 2.0 Fighting
 + Level 5.5 Ranged Weapons
 - Level 5.0 Dodging
 - Level 1.5 Stealth


You had 4 spell levels left.
You didn't know any spells.
Your spell library was empty.

Inventory:

Hand Weapons
 a - a +1 shortbow (weapon)
Armour
 c - a +0 robe (worn)
Jewellery
 h - a +6 ring of strength (left hand)
Potions
 b - a potion of curing {unknown}

Dungeon Overview and Level Annotations

Branches:
Dungeon (3/15)

Altars:

Annotations:
D:3 2 transporters, qw's ghost, amateur GrHu


Message History

You shoot an arrow. The arrow hits the ribbon worm.
The ribbon worm is almost dead.
The ribbon worm expels a string of sticky webbing.
The stream of webbing misses you.
You shoot an arrow.
The arrow barely misses the ribbon worm.
The arrow hits the rat!
You kill the rat!
You shoot an arrow.
The arrow hits the ribbon worm but does no damage.
The ribbon worm is severely wounded.
The ribbon worm misses you.
You shoot an arrow. The arrow hits the ribbon worm.
The ribbon worm is almost dead.
The ribbon worm barely misses you.
You shoot an arrow. The arrow hits the ribbon worm.
The ribbon worm is almost dead.
The ribbon worm bites you.
You shoot an arrow.
The arrow barely misses the ribbon worm.
You shoot an arrow. The arrow hits the ribbon worm!
You kill the ribbon worm!
You shoot an arrow. The arrow closely misses the river rat.
The river rat completely misses you.
You shoot an arrow. The arrow hits the river rat.
The river rat is moderately wounded.
You shoot an arrow. The arrow hits the river rat.
The river rat is heavily wounded.
The river rat bites you. The rat bites you.
You shoot an arrow.
The arrow completely misses the river rat.
The river rat bites you. The rat misses you. The river rat bites you.
You shoot an arrow. The arrow hits the river rat.
The river rat is almost dead.
The rat bites you. The river rat bites you.
You shoot an arrow.
The arrow hits the river rat but does no damage.
The river rat is almost dead.
The rat bites you. The river rat bites you!
You die...

##############.# #.# #.#
# #.# ~~ #.# ~~~
######## #.# ..
.......#########.##.#...
######..........rr......
###########@######.
#!)..# #.#..# .. #...
... ###. .# .. #. ..


You could see a river rat and a rat.

Vanquished Creatures
  3 orc wizards (D:3)
  4 adders
  A river rat (D:3)
  3 dart slugs
  A ribbon worm (D:3)
  2 orcs (D:3)
  8 ball pythons
  6 bats
  2 endoplasms (D:2)
  4 giant cockroaches
  3 goblins
  3 hobgoblins
  3 jackals (D:1)
  5 kobolds
  6 frilled lizards
  4 rats
58 creatures vanquished.

Notes
Turn   | Place    | Note
-------+----------+-------------------------------------------
     0 | D:1      | qw the Spriggan Hunter began the quest for the Orb.
     0 | D:1      | Reached XP level 1. HP: 10/10 MP: 2/2
     0 | D:1      | 0 ||| qw: Version: 0.3-a-155-g5e7d8dd
     0 | D:1      | 0 ||| qw: Game counter: 1360
     0 | D:1      | 0 ||| qw: Melee chars always use a shield: true
     0 | D:1      | 0 ||| qw: God list: Okawaru
     0 | D:1      | 0 ||| qw: Allow faded altars: false
     0 | D:1      | 0 ||| qw: Do Orc after clearing Dungeon:15 true
     0 | D:1      | 0 ||| qw: Do second Lair branch before Depths: true
     0 | D:1      | 0 ||| qw: Lair rune preference: random
     0 | D:1      | 0 ||| qw: Goals: Normal
     0 | D:1      | 0 ||| PLANNING D:1-11
    51 | D:1      | Reached skill level 3 in Dodging
   123 | D:1      | Reached XP level 2. HP: 13/14 MP: 3/3
   772 | D:1      | 772 ||| UPGRADING to +6 ring of strength.
   773 | D:1      | 773 ||| READING 2 scrolls labelled BICLIEJ UHUETE.
   774 | D:1      | 774 ||| READING 2 scrolls labelled VICZOBR MYLEU.
   775 | D:1      | 775 ||| READING scroll labelled PUBBOL HUNUETE.
   776 | D:1      | 776 ||| READING scroll labelled ULEATW GOLOUPN.
   780 | D:1      | 780 ||| DROPPING scroll of butterflies.
   781 | D:1      | 781 ||| DROPPING scroll of blinking.
   782 | D:1      | 782 ||| DROPPING scroll of revelation.
   876 | D:2      | Reached XP level 3. HP: 18/18 MP: 4/4
   922 | D:2      | Found a faded altar of an unknown god.
  1614 | D:2      | 1614 ||| READING scroll labelled OWAJUB EMNAMN.
  1614 | D:2      | 1614 ||| ENCHANTING +0 shortbow.
  1615 | D:2      | 1615 ||| READING scroll labelled HOONEASTRYL.
  1616 | D:2      | 1616 ||| DRINKING 2 metallic puce potions.
  1664 | D:2      | 1664 ||| DROPPING potion of lignification.
  1677 | D:3      | 1677 ||| PLANNING SEWER
  1679 | D:3      | Reached XP level 4. HP: 22/22 MP: 5/5
  1744 | D:3      | 1744 ||| DRINKING inky potion.
  1745 | D:3      | 1745 ||| DRINKING bubbling sapphire potion.
  1756 | D:3      | Reached XP level 5. HP: 11/26 MP: 6/6
  1915 | D:3      | Found a transporter.
  1918 | D:3      | Noticed qw's ghost (amateur GrHu)
  1918 | D:3      | Noticed an ogre
  1920 | D:3      | Found a transporter.
  1922 | D:3      | Noticed an ogre
  2025 | D:3      | HP: 6/26 [river rat (4)]
  2026 | D:3      | HP: 2/26 [river rat (3)]
  2027 | D:3      | Mangled by a river rat

Levels and vault maps discovered:
D:1:      minmay_arrival_cross, layout_loops_ring,
          amcnicky_mini_corridor_feature
D:2:      layout_loops_ring, nicolae_ecumenical_snake_handling,
          roderic_roman_lattice
D:3:      layout_loops_ring, portal_sewer_entry_b, gammafunk_ghost_smash,
          minmay_distorted

Skill      XL: |  1  2  3  4 |
---------------+-------------+-----
Dodging        | 3 4 5 |  5.0
Ranged Weapons | 5 |  5.5
Fighting       | 2 |  2.0
Stealth        | |  1.5

Action                     |  1- 3 |  4- 6 || total
---------------------------+-------+-------++-------
   Fire: Shortbow          |   120 |    59 ||   179
    Use: Scroll            |     6 |       ||     6
         Potion            |     1 |     2 ||     3
 Armour: Robe              |     6 |    17 ||    23
  Dodge: Dodged            |    50 |    26 ||    76

Table legend:
 A = Non-vault XP
 B = Vault XP
 C = Vault XP percentage of total XP
 D = Non-vault monster count
 E = Vault monster count
 F = Vault count percentage of total count
                 A         B        C        D         E       F
            +---------+---------+-------+---------+---------+-------
      Total |     216 |      43 |  16.6 |      47 |      11 |  19.0
            +---------+---------+-------+---------+---------+-------
        D:1 |      34 |       0 |   0.0 |      20 |       0 |   0.0
        D:2 |      43 |      19 |  30.6 |      13 |       5 |  27.8
        D:3 |     139 |      24 |  14.7 |      14 |       6 |  30.0
            +---------+---------+-------+---------+---------+-------
